 Dungeon Crawl Stone Soup version 0.26-a0-542-gbaa144ba5c (webtiles) character file.

Game seed: 15161886490819390944

30 Descartes the Sneak (level 3, -1/14 HPs)
             Began as a Felid Enchanter on Aug 17, 2020.
             Slain by a ball python (2 damage)
             ... on level 1 of the Dungeon.
             The game lasted 00:01:37 (1034 turns).

Descartes the Sneak (Felid Enchanter)               Turns: 1034, Time: 00:01:38

Health: -1/14      AC:  1    Str:  5    XL:     3   Next: 5%
Magic:  7/7        EV: 16    Int: 16    God:
Gold:   47         SH:  0    Dex: 16    Spells: 5/6 levels left
                                        Lives:  0   Deaths: 0

rFire    . . .     SeeInvis +     - Unarmed
rCold    . . .     Faith    .   (shield unavailable)
rNeg     . . .     Spirit   .   (armour unavailable)
rPois    .         Reflect  .   (helmet unavailable)
rElec    .         Harm     .   (cloak unavailable)
rCorr    .                      (gloves unavailable)
MR       .....                  (boots unavailable)
Stlth    +++.......             (no amulet)
HPRegen  0.04/turn              (no ring)
MPRegen  0.10/turn              (no ring)

@: constricted, quick
A: very small, no armour, no weapons or thrown items, stealth, claws 1, fangs 3,
see invisible, speed 1, shaggy fur 1, sharp paws
a: no special abilities


You were on level 1 of the Dungeon.
You visited 1 branch of the dungeon, and saw 1 of its levels.

You collected 47 gold pieces.

Inventory:

Missiles
 d - 2 stones
Scrolls
 a - a scroll of noise {unknown}
 c - a scroll of magic mapping {unknown}
 e - a scroll of enchant weapon {unknown}
Potions
 b - 2 potions of curing {unknown}


   Skills:
 + Level 3.5 Dodging
 + Level 4.6 Stealth
 + Level 1.9 Unarmed Combat
 - Level 2.0 Spellcasting
 - Level 4.4 Hexes


You had 5 spell levels left.
You knew the following spells:

 Your Spells              Type           Power        Failure   Level
a - Corona                Hex            ###....      3%          1

Your spell library contained the following spells:

 Spells                   Type           Power        Failure   Level
 Confusing Touch          Hex            ###.....     11%         3
 Tukima's Dance           Hex            ###.....     11%         3
 Ensorcelled Hibernation  Hex/Ice        #.....       13%         2
 Dazzling Flash           Conj/Hex       #.....       26%         3


Dungeon Overview and Level Annotations

Branches:
Dungeon (1/15)

Altars:


Innate Abilities, Weirdness & Mutations

You cannot wear armour.
You are incapable of wielding weapons or throwing items.
Your paws allow you to move quietly. (Stealth)
You have sharp claws.
You have razor-sharp teeth.
You have supernaturally acute eyesight. (SInv)
You cover ground quickly.
You are covered in fur. (AC +1)
Your sharp claws are effective at attacking unaware monsters.


Message History

You are too injured to fight recklessly!
The ball python hisses angrily.
A bat comes into view.
The ball python misses you. The ball python grabs you.
* * * LOW HITPOINT WARNING * * *
The ball python constricts you.
The ball python's grasp on you weakens, but your attempt to escape fails.
The bat closely misses you. The ball python closely misses you.
The ball python constricts you.
You scratch the ball python.
You bite the ball python, but do no damage.
The ball python is severely wounded.
The bat misses you. The ball python closely misses you.
* * * LOW HITPOINT WARNING * * *
The ball python constricts you. The ball python bites you.
* * * LOW HITPOINT WARNING * * *
x2 The ball python constricts you.
The ball python's grasp on you weakens, but your attempt to escape fails.
The bat closely misses you. The ball python bites you.
You die...

#####.#....#
...........# ..#
...........# ..####
........#### .....#
........# .....#
........# #######.....#
.†......###...........##
..>....#........b.......
.......#........@.......
###....'........S.......
# ######...).....!......
# #...†......###### #
####.......# # #.......#
# #$......# ##.######
#..


You could see a bat and a ball python.

Vanquished Creatures
  A dart slug (D:1)
  A leopard gecko (D:1)
  A ball python (D:1)
  A giant cockroach (D:1)
  5 goblins (D:1)
  3 hobgoblins (D:1)
  3 kobolds (D:1)
  5 bats (D:1)
  3 frilled lizards (D:1)
  3 rats (D:1)
26 creatures vanquished.

Notes
Turn   | Place    | Note
-------+----------+-------------------------------------------
     0 | D:1      | Descartes the Felid Enchanter began the quest for the Orb.
     0 | D:1      | Reached XP level 1. HP: 7/7 MP: 4/4
   304 | D:1      | Reached XP level 2. HP: 11/11 MP: 6/6
  1001 | D:1      | Reached XP level 3. HP: 6/14 MP: 7/7
  1034 | D:1      | Slain by a ball python

Illustrated notes

Levels and vault maps discovered:
D:1:      dpeg_arrival_arbitrary_c, layout_basic

Skill      XL: |  1 |
---------------+----+-----
Dodging        | 3 |  3.5
Stealth        | |  4.6
Unarmed Combat | |  1.9
Spellcasting   | |  2.0
Hexes          | |  4.4

Action                   || total
-------------------------++-------
Melee: Unarmed           ||    70
       Bite              ||     6
 Cast: Corona            ||     1
 Stab: Sleeping          ||     8
Armor: Skin              ||     5
Dodge: Dodged            ||    59

Table legend: (Time is in decaauts)
 A = Elapsed time spent in this place.
 B = Non-inter-level travel time spent in this place.
 C = Inter-level travel time spent in this place.
 D = Time resting spent in this place.
 E = Time spent auto-exploring this place.
 F = Levels seen in this place.
 G = Mean time per level.
                   A        B        C        D        E       F      G
               +--------+--------+--------+--------+--------+-----+--------+
         Total |    948 |    948 |      0 |      0 |    757 |   1 |  948.0 |
       Dungeon |    948 |    948 |      0 |      0 |    757 |   1 |  948.0 |
               +--------+--------+--------+--------+--------+-----+--------+

Top non-repeatable levels by time:
     D:1: 948 daAuts
